 Dungeon Crawl Stone Soup version 0.29.1-15-g9cfb28693d (webtiles) character file.

Game seed: 14809971143682974067

129 Arctor the Trooper (level 4, -1/41 HPs)
             Began as a Minotaur Fighter on Feb 25, 2023.
             Killed by nerve-wracking pain
             ... invoked by an orc priest
              (4 damage)
             ... on level 5 of the Dungeon.
             The game lasted 00:01:39 (2433 turns).

Arctor the Trooper (Minotaur Fighter)               Turns: 2433, Time: 00:01:39

Health: -1/41      AC: 10    Str: 23    XL:     4   Next: 88%
Magic:  3/3        EV:  9    Int:  5    God:
Gold:   221        SH:  4    Dex:  9    Spells: 3/3 levels left

rFire   . . .      SeeInvis .   a - +0 war axe
rCold   . . .      Faith    .   c - +0 buckler
rNeg    . . .      Spirit   .   b - +0 scale mail
rPois   .          Reflect  .   (helmet restricted)
rElec   .          Harm     .   (no cloak)
rCorr   .          Rampage  .   o - +2 pair of gloves
Will    .....                   (no boots)
Stlth   ..........              (no amulet)
HPRegen 0.13/turn               (no ring)
MPRegen 0.08/turn               (no ring)

@: no status effects
A: horns 2, retaliatory headbutt
a: no special abilities


You were on level 5 of the Dungeon.
You visited 1 branch of the dungeon, and saw 5 of its levels.

You collected 221 gold pieces.

Inventory:

Hand Weapons
 a - a +0 war axe (weapon)
Missiles
 q - 4 boomerangs (quivered)
 r - 5 silver javelins
Armour
 b - a +0 scale mail (worn)
 c - a +0 buckler (worn)
 o - a +2 pair of gloves (worn)
Jewellery
 j - a ring of fire
Scrolls
 e - a scroll of identify {unknown}
 f - a scroll of enchant armour {unknown}
 k - a scroll of summoning {unknown}
 m - a scroll of poison {unknown}
 p - a scroll of enchant weapon {unknown}
Potions
 d - a potion of might
 g - a potion of resistance {unknown}
 h - a potion of lignification {unknown}
 i - 4 potions of heal wounds {unknown}
 l - 4 potions of haste {unknown}
 n - a potion of curing {unknown}
 s - a potion of magic {unknown}


   Skills:
 + Level 4.6 Fighting
 + Level 3.6 Axes
 + Level 4.6 Armour
 + Level 4.6 Shields


You had 3 spell levels left.
You didn't know any spells.
Your spell library contained the following spells:

 Spells                   Type           Power      Damage    Failure   Level
 Apportation              Tloc           0%         N/A       86%         1
 Necrotise                Necr           0%         1d4       86%         1
 Summon Small Mammal      Summ           0%         N/A       86%         1


Dungeon Overview and Level Annotations

Branches:
Dungeon (5/15)
 Temple: D:4-7

Altars:
Gozag
Kikubaaqudgha


Innate Abilities, Weirdness & Mutations

You have a pair of horns on your head.
You reflexively headbutt those who attack you in melee.


Message History

There are monsters nearby!
You slash the jelly!
Your hands burn!
The jelly is severely wounded.
You hit the gnoll. The jelly hits you.
You are splashed with acid!
You block the gnoll's attack.
You hit the jelly.
You kill the jelly!
You barely miss the gnoll. The gnoll hits you with a +0 flail!
You block the gnoll's attack.
There are monsters nearby!
You are too injured to fight recklessly!
You are too injured to fight recklessly!
Unknown command.
You closely miss the gnoll. You barely miss the gnoll.
The gnoll hits you with a +0 flail. The gnoll completely misses you.
You furiously retaliate!
You headbutt the gnoll. The gnoll hits you with a +0 flail.
The gnoll hits you but does no damage. The gnoll attacks as you move away!
The gnoll hits you with a +0 flail. The gnoll misses you.
You furiously retaliate!
You headbutt the gnoll. You closely miss the gnoll.
The gnoll is lightly wounded.
You closely miss the gnoll. The gnoll hits you with a +0 flail.
The gnoll closely misses you. x2
The gnoll attacks as you move away! The gnoll hits you with a +0 flail!
* * * LOW HITPOINT WARNING * * *
The gnoll attacks as you move away! The gnoll hits you but does no damage.
The gnoll attacks as you move away! You block the gnoll's attack.
The gnoll attacks as you move away! The gnoll hits you with a +0 flail.
* * * LOW HITPOINT WARNING * * *
The gnoll attacks as you move away! The gnoll hits you with a +0 flail.
* * * LOW HITPOINT WARNING * * *
There is a stone staircase leading down here.
You climb downwards.
The orc shouts!
The orc wizard shouts!
The orc priest shouts!
The orc shouts!
You hear a shout!
Found 17 gold pieces.
There is a stone staircase leading up here.
The orc priest mumbles some strange prayers to Beogh against you.
Pain shoots through your body!
You die...

#..o..o...#
#...o.....#
#....o....#
.........#
###........#
..........#
#.##........#
#$..@<......#
#######.#####
#


You could see an orc priest, an orc wizard and 2 orcs.

Vanquished Creatures
  A jelly (D:4)
  5 adders
  3 worms (D:2)
  4 bats
  5 endoplasms
  5 goblins
  2 hobgoblins
  2 jackals (D:2)
  5 kobolds
  A quokka (D:4)
  8 ball pythons
  3 frilled lizards
  5 rats
49 creatures vanquished.

Notes
Turn   | Place    | Note
-------+----------+-------------------------------------------
     0 | D:1      | Arctor the Minotaur Fighter began the quest for the Orb.
     0 | D:1      | Reached XP level 1. HP: 19/19 MP: 0/0
   213 | D:1      | Reached XP level 2. HP: 27/27 MP: 1/1
   368 | D:1      | Found a faded altar of an unknown god.
   645 | D:2      | Reached XP level 3. HP: 33/33 MP: 2/2
   840 | D:2      | Reached XP level 4. HP: 41/41 MP: 3/3
  2416 | D:4      | Found an ancient bone altar of Kikubaaqudgha.
  2417 | D:4      | Found an opulent altar of Gozag.
  2430 | D:4      | HP: 2/41 [gnoll/+0 flail (1)]
  2432 | D:5      | Entered Level 5 of the Dungeon
  2433 | D:5      | Killed from afar by an orc priest

Illustrated notes

Levels and vault maps discovered:
D:1:      spicycebolla_green_bress_n_ham_2, layout_rooms,
          shapermc_ecumenical_altar_mp_highgroup
D:2:      layout_basic
D:3:      layout_loops_ring
D:4:      layout_loops_ring, minitemple, temple_statues,
          minmay_manual_mandibuliform
D:5:      layout_basic, gammafunk_ghost_split, uniq_pikel

Skill      XL: |  1  2 |
---------------+-------+-----
Armour         | 4 |  4.6
Shields        | 4 |  4.6
Fighting       | 4 |  4.6
Axes           | 3 |  3.6

Action                   |  1- 3 |  4- 6 || total
-------------------------+-------+-------++-------
Melee: War axe           |    64 |    30 ||    94
       Headbutt          |     5 |     7 ||    12
Armor: Scale mail        |    41 |    14 ||    55
Dodge: Dodged            |    35 |    11 ||    46
Block: Buckler           |    19 |     7 ||    26
